Unix NetHack Version 3.7.0-70 Work-in-progress - last build Jan 20 2023 02:37:49 (416de4da9be3a1557180d233d1398bca634ded6a,branch:master). Game began 2023-01-29 00:56:29, ended 2023-01-29 01:06:32. Gandelf, neutral male human Monk -------------------------------- |.."...........................| |.-----..---------.{..-----+-- | |.+ |..| .. |%[|....|(((| |.| |..| . |)+|....|(((| |.|-----!-|---|..|....|...| | |.|...)@s..G."-|--....---|----.| |.|....|Y-|--..................| #|.|.@..|.|..|.....{..--|-......| ###############..|....|.|%.|."..---||..|......| #####%#########|.|-----.|%%|....|...|..|......| # . |.| +..|------+|...|--|......| # ... |.| |%.| |...|..|......| ---.-#### |...| |.| |..+ |...|..|......| |..<.#)## |...| |.-----..-------------|--......| |...| ----- |.........%....................| ----- -------------------------------- Gandelf the Initiate St:15 Dx:14 Co:14 In:8 Wi:13 Ch:11 Neutral S:2896 Dlvl:8 $:254 HP:0(42) Pw:26(26) AC:-2 Xp:6/530 T:1509 Weak Burdened Latest messages: The gnome lord shoots 2 arrows! The 1st arrow misses you. You are hit by the 2nd arrow. You are beginning to feel weak. The hill orc hits! The dwarf misses! You hit the dwarf. The hill orc misses! You hit the dwarf! The hill orc hits! You kill the dwarf! The hill orc hits! You hit the hill orc. You hit the hill orc! The hill orc hits! You hit the hill orc! The hill orc misses! You hit the hill orc. The hill orc hits! You kill the hill orc! You miss the owlbear. The owlbear hits! The owlbear misses! You hit the owlbear. The owlbear hits! The owlbear misses! The giant spider misses! The gnome lord shoots 2 arrows! The 1st arrow misses the giant spider. The 1st arrow misses you. The 2nd arrow misses the giant spider. The 2nd arrow misses you. You hit the owlbear! The owlbear hits! The owlbear misses! The giant spider bites! The gnome lord shoots 2 arrows! The 1st arrow hits the giant spider. The 2nd arrow misses the giant spider. You are hit by the 2nd arrow. You experience a sense of peace. The owlbear hits! The owlbear hits! The owlbear grabs you! You cannot escape from the owlbear! The owlbear hits! The owlbear just misses! You are being crushed. You die... Do you want your possessions identified? [ynq] (y) q Inventory: Coins $ - 254 gold pieces Amulets x - an uncursed amulet of ESP Weapons u - 9 +0 arrows v - a cursed -2 bow s - 4 +0 daggers Armor B - an uncursed +0 dwarvish iron helm (being worn) a - an uncursed +2 pair of leather gloves (being worn) C - a cursed +0 pair of iron shoes (being worn) I - an uncursed +0 dwarvish roundshield (being worn) D - an uncursed +0 dwarvish cloak b - an uncursed +1 robe (being worn) q - an uncursed +0 studded leather armor Comestibles h - 5 uncursed apples J - an uncursed carrot g - 3 uncursed food rations j - 3 uncursed fortune cookies i - 6 uncursed oranges t - an uncursed pancake m - a cursed egg Scrolls o - 2 uncursed scrolls of enchant weapon k - 3 uncursed scrolls of identify d - a blessed scroll of light Spellbooks r - an uncursed spellbook of confuse monster c - a blessed spellbook of protection Potions y - an uncursed potion of gain energy z - a blessed potion of hallucination p - a cursed potion of healing K - an uncursed potion of sickness f - 3 potions of holy water Tools G - a blessed brass lantern E - a +0 pick-axe F - an uncursed skeleton key n - a cursed tin whistle Gems/Stones H - an uncursed worthless piece of yellowish brown glass Gandelf the Monk's attributes: Background: You were an Initiate, a level 6 male human Monk. You were neutral, on a mission for Chih Sung-tzu who was opposed by Shan Lai Ching (lawful) and Huan Ti (chaotic). You were in the Gnomish Mines, on level 8. You entered the dungeon 1509 turns ago. It was nighttime. You had 530 experience points, 110 more were needed to attain level 7. Your score was 2896 before end-of-game adjustments. Basics: You had 0 out of 42 hit points. You had all 26 energy points (spell power). Your armor class was -2. Your wallet contained 254 zorkmids. Autopickup was on for '$?!+/=' plus thrown. Final Characteristics: Your strength was 15 (base:16, limit:18/100). Your dexterity was 14 (limit:18). Your constitution was 14 (limit:18). Your intelligence was 8 (limit:18). Your wisdom was 13 (limit:18). Your charisma was 11 (limit:18). Final Status: You were held by an owlbear (southeast). You were weak from severe hunger. You were burdened; movement was slightly slowed. You were empty handed. You had basic skill with martial arts and could have enhanced that. Final Attributes: You were devoutly aligned. You were sleep resistant. You were poison resistant. You saw invisible. You were stealthy. You were guarded. You were fast. You are dead. Miscellaneous: You never encountered a bones level. Total elapsed playing time was 10 minutes and 3 seconds. Major events: Turn 1: Gandelf the neutral male human Monk entered the dungeon 658: attained the rank of Novice (level 3) 774: entered the Gnomish Mines 966: attained the rank of Initiate (level 6) 1030: reached Mine Town 1509: killed by an owlbear Vanquished creatures: a ghost a leprechaun 2 gnome leaders an elf zombie 2 giant ants 3 dwarves 5 hill orcs a rothe a monkey a wererat an iguana a coyote 3 hobbits a giant rat a yellow mold 21 gnomes a gnome zombie a gecko a fox a sewer rat a kobold zombie 4 newts 55 creatures vanquished. No species were genocided or became extinct. Voluntary challenges: You followed a strict vegan diet. You never hit with a wielded weapon. You were illiterate. You never engraved Elbereth. You never genocided any monsters. You never polymorphed an object. You never changed form. You used no wishes. Achievements: You attained the rank of Novice. You entered the Gnomish Mines. You attained the rank of Initiate. You entered Minetown. You entered a shop. You entered a temple. The Dungeons of Doom: levels 1 to 7 Level 1: Level 2: A fountain. Level 3: Level 4: Some fountains. Stairs down to The Gnomish Mines. Level 5: Level 6: Many fountains. Level 7: A fountain. The Gnomish Mines: levels 5 to 8 Level 5: Level 6: Level 7: Level 8: <- You were here. A lighting shop, a temple to Chih Sung-tzu, some fountains. Final resting place for you, killed by an owlbear. Game over: ---------- / \ / REST \ / IN \ / PEACE \ / \ | Gandelf | | 254 Au | | killed by an | | owlbear | | | | | | 2023 | *| * * * | * _________)/\\_//(\/(/\)/\//\/|_)_______ Goodbye Gandelf the Monk... You died in The Gnomish Mines on dungeon level 8 with 2871 points, and 254 pieces of gold, after 1509 moves. You were level 6 with a maximum of 42 hit points when you died.